 Dungeon Sprint DCSS version 0.30-a0-297-g0ec75d9ef4 (webtiles) character file.

Game seed: 3069209759892915976

9 Iusername the Covered (level 2, -1/28 HPs)
             Began as a Minotaur Fighter on Oct 18, 2022.
             Slain by a white imp (2 damage)
             ... in the Dungeon (Sprint IX: "|||||||||||||||||||||||||||||").
             The game lasted 00:00:09 (223 turns).

Iusername the Covered (Minotaur Fighter)             Turns: 223, Time: 00:00:10

Health: -1/28      AC:  7    Str: 20    XL:     2   Next: 6%
Magic:  1/1        EV:  9    Int:  5    God:
Gold:   0          SH:  4    Dex:  9    Spells: 1/1 levels left

rFire   . . .      SeeInvis .    a - +0 war axe
rCold   . . .      Faith    .    c - +0 buckler
rNeg    . . .      Spirit   .    b - +0 scale mail
rPois   .          Reflect  .    (helmet restricted)
rElec   .          Harm     .    (no cloak)
rCorr   .          Rampage  .    (no gloves)
Will    .....      NoTele   +    (no boots)
Stlth   ..........               (no amulet)
HPRegen 0.24/turn                (no ring)
MPRegen 0.07/turn                (no ring)

@: no status effects
A: horns 2, retaliatory headbutt
a: no special abilities


You were in the Dungeon.
You visited 1 branch

Inventory:

Hand Weapons
 a - a +0 war axe (weapon)
Armour
 b - a +0 scale mail (worn)
 c - a +0 buckler (worn)
Scrolls
 j - a scroll of blinking
Potions
 d - a potion of might
 e - a potion of curing
 f - a potion of heal wounds
 g - a potion of haste
 h - 2 potions of magic
 i - a potion of berserk rage


   Skills:
 + Level 4.5 Fighting
 + Level 2.9 Axes
 + Level 4.6 Armour
 + Level 4.5 Shields


You had one spell level left.
You didn't know any spells.
Your spell library was empty.

Dungeon Overview and Level Annotations

Branches:
Dungeon (1/1)

Altars:


Innate Abilities, Weirdness & Mutations

You have a pair of horns on your head.
You reflexively headbutt those who attack you in melee.


Message History

You see here a hobgoblin corpse.
You start waiting.
Done waiting.
You start waiting.
Done waiting.
Welcome back, Iusername the Minotaur Fighter.
Press ? for a list of commands and other information.
As you open the door, it creaks loudly!
A dart slug, a white imp, a hound, an orc priest and a phantom come into view.
The white imp shouts!
The hound barks!
The orc priest shouts!
The dart slug launches a dart at you.
The slug dart hits you but does no damage.
The orc priest roars loudly.
There is an open door here.
You hit the dart slug.
The dart slug is moderately wounded.
The dart slug barely misses you. You furiously retaliate!
You headbutt the dart slug. You slash the dart slug!
You kill the dart slug!
The white imp barely misses you.
The orc priest looks encouraged for a moment.
You have reached level 2!
You barely miss the white imp.
The orc priest mumbles some strange prayers to Beogh against you.
Beogh smites you! The white imp hits you. The white imp freezes you.
Unknown command.
You hit the white imp but do no damage.
The white imp hits you but does no damage. x2
You hit the white imp.
The white imp is heavily wounded.
The white imp completely misses you.
Unknown command.
You hit the white imp.
The white imp is severely wounded.
The orc priest calls down the wrath of Beogh upon you.
Beogh smites you!
* * * LOW HITPOINT WARNING * * *
The white imp hits you.
You die... ▓▓▓▓▓▓▓▓▓▓▓▓▓▓▓▓▓▓ ▓<...÷.....@5hoW.+ ▓▓▓▓▓▓▓▓▓▓▓▓▓▓▓▓▓▓

You could see a phantom, a hound, an orc priest and a white imp.

Vanquished Creatures
  A dart slug (D)
  An endoplasm (D)
  2 giant cockroaches (D)
  2 hobgoblins (D)
6 creatures vanquished.

Notes
Turn   | Place    | Note
-------+----------+-------------------------------------------
     0 | D        | Iusername the Minotaur Fighter began the quest for the Orb.
     0 | D        | Reached XP level 1. HP: 19/19 MP: 0/0
   216 | D        | Noticed a hound
   216 | D        | Noticed an orc priest
   216 | D        | Noticed a phantom
   220 | D        | Reached XP level 2. HP: 28/28 MP: 1/1
   223 | D        | HP: 1/28 [orc priest/divine providence (10)]
   223 | D        | Slain by a white imp

Illustrated notes

Levels and vault maps discovered:
D:        linesprint [early_d, line_temple, items_1, d_10, items_2, lair_1,
          lair_end, items_3, orc_1, orc_end, items_4, d_15, swamp_1, shoals_1,
          snake_1, spider_1, d_20, vaults_1, items_5, swamp_end, shoals_end,
          snake_end, spider_end, vaults_end, d_27, items_6, zot_1, zot_end,
          crypt_end, forest_end, elf_end, slime_end, tomb_end, abyss_end,
          pan_hell_end]

Skill      XL: |  1 |
---------------+----+-----
Fighting       | 4 |  4.5
Armour         | 4 |  4.6
Shields        | 4 |  4.5
Axes           | |  2.9

Action                   || total
-------------------------++-------
Melee: War axe           ||    12
       Headbutt          ||     2
Armor: Scale mail        ||     3
Dodge: Dodged            ||     3

Table legend: (Time is in decaauts)
 A = Elapsed time spent in this place.
 B = Non-inter-level travel time spent in this place.
 C = Inter-level travel time spent in this place.
 D = Time resting spent in this place.
 E = Time spent auto-exploring this place.
 F = Levels seen in this place.
 G = Mean time per level.
                   A        B        C        D        E       F      G
               +--------+--------+--------+--------+--------+-----+--------+
         Total |    227 |    227 |      0 |    200 |      0 |   1 |  227.0 |
       Dungeon |    227 |    227 |      0 |    200 |      0 |   1 |  227.0 |
               +--------+--------+--------+--------+--------+-----+--------+

Top non-repeatable levels by time:
       D: 227 daAuts
